 Dungeon Crawl Stone Soup version 0.18-a0-1685-g4482fe3 (webtiles) character file.

88 Ijustatesigmund the Sneak (level 4, 0/29 HPs)
             Began as an Octopode Assassin on Apr 4, 2016.
             Slain by an ogre
             ... wielding a +0 giant club
              (17 damage)
             ... on level 4 of the Dungeon.
             The game lasted 00:05:36 (2600 turns).

Ijustatesigmund the Sneak (Octopode Assassin)       Turns: 2600, Time: 00:05:37

Health: 0/29       AC:  1    Str: 10    XL:     4   Next: 54%
Magic:  4/4        EV: 12    Int: 13    God:
Gold:   138        SH:  0    Dex: 14    Spells: 0 memorised, 3 levels left

rFire  . . .     SeeInvis .     i - +2 dagger (vamp)
rCold  . . .     Gourm    .     (no shield)
rNeg   . . .     Faith    .     (helmet restricted)
rPois  .         Spirit   .     h - amulet of inaccuracy (curse)
rElec  .         Dismiss  .     (no ring)
rCorr  .         Reflect  .     (no ring)
SustAt .         Harm     .     (no ring)
MR     .....                    (no ring)
Stlth  +++++.....               (no ring)
                                (no ring)
                                (no ring)
                                (no ring)

@: not resistant to hostile enchantments, quite stealthy
A: almost no armour, amphibious, 8 rings, constrict 8, camouflage 1, gelatinous
body 1
a: no special abilities


You were on level 4 of the Dungeon.
You were not hungry.

You visited 1 branch of the dungeon, and saw 4 of its levels.

You collected 138 gold pieces.

Inventory:

Hand Weapons
 a - a +2 dagger
 b - a +0 blowgun
 i - a +2 vampiric dagger (weapon)
Missiles
 c - 8 poisoned needles
 d - 2 curare-tipped needles
Jewellery
 h - a cursed amulet of inaccuracy (around mantle)
Scrolls
 k - a scroll of magic mapping
Potions
 e - a potion of flight
 g - a potion of magic {unknown}
 j - 2 potions of heal wounds {unknown}
 m - a potion of resistance {unknown}
Comestibles
 f - a meat ration


   Skills:
 - Level 2.0 Fighting
 + Level 3.2 Short Blades
 + Level 2.9 Throwing
 - Level 1.0 Dodging
 + Level 6.3 Stealth


You had 3 spell levels left.
You didn't know any spells.

Dungeon Overview and Level Annotations

Branches:
Dungeon (4/15)
 Temple: D:4-7

Altars:
Elyvilon
Xom
Zin

Annotations:
D:3 namelastname112's ghost, amateur DrBe


Innate Abilities, Weirdness & Mutations

You cannot wear most types of armour.
You are amphibious.
You can wear up to eight rings at the same time.
You can use your tentacles to constrict eight enemies at once.
Your skin changes colour to match your surroundings (Stealth).
Your rubbery body absorbs attacks (AC +1).


Message History

The ogre misses you.
You barely miss the ogre.
The ogre is heavily wounded.
The ogre hits you with a giant club!
You hit the ogre but do no damage.
The ogre is moderately wounded.
You hit the ogre.
The ogre is heavily wounded.
The ogre misses you.
You hit the ogre.
You feel better.
The ogre is severely wounded.
The ogre misses you.
You barely miss the ogre.
The ogre is severely wounded.
The orc suddenly grunts.
You hit the ogre but do no damage.
The ogre is severely wounded.
The ogre hits you with a giant club!
Ouch! That really hurt!
You die...

#. .... #.
..(. . ..# ...
.. .. .. #.
#.##(####
#..##..o....##
#.....O.......
.#.###.@..#
.......<..#
######...##
#..... ###.###
.. ###


You could see an ogre and an orc.

Vanquished Creatures
  An adder (D:2)
  3 worms
  3 dart slugs
  3 giant geckos
  7 orcs (D:3)
  5 bats
  4 giant cockroaches
  3 goblins
  6 hobgoblins
  2 jackals (D:3)
  A giant newt (D:2)
  9 kobolds
  5 rats
52 creatures vanquished.

Notes
Turn   | Place    | Note
--------------------------------------------------------------
     0 | D:1      | Ijustatesigmund the Octopode Assassin began the quest for the Orb.
     0 | D:1      | Reached XP level 1. HP: 14/14 MP: 1/1
   347 | D:1      | Reached XP level 2. HP: 19/19 MP: 2/2
  1077 | D:2      | Reached XP level 3. HP: 24/24 MP: 3/3
  1961 | D:3      | Noticed namelastname112's ghost (amateur DrBe)
  2030 | D:3      | Reached skill level 6 in Stealth
  2030 | D:3      | Reached XP level 4. HP: 29/29 MP: 4/4
  2301 | D:3      | Found a white marble altar of Elyvilon.
  2521 | D:3      | Noticed an angel
  2522 | D:3      | Found a shimmering altar of Xom.
  2523 | D:3      | Found a glowing silver altar of Zin.
  2588 | D:4      | Noticed an ogre
  2600 | D:4      | Slain by an ogre

Vault maps used:
D:1:      dpeg_arrival_water_fire, roderic_filled_cross, grunt_decor_one_mirror
D:2:      roderic_roman_lattice, minmay_crystal_water
D:3:      lemuel_upstairs_altar, grunt_temple_overflow_order_and_chaos_1,
          lemuel_coloured_pillars_altar
D:4:      first_bread, uniq_menkaure, uniq_natasha, uniq_duvessa

Skill      XL: |  1  2  3 |
---------------+----------+-----
Short Blades   | 3 |  3.2
Stealth        | 6 |  6.3
Fighting       | |  2.0
Throwing       | |  2.9
Dodging        | |  1.0

Action                   |  1- 3 |  4- 6 || total
-------------------------+-------+-------++-------
Melee: Short sword       |    33 |       ||    33
       Dagger            |    31 |    40 ||    71
Throw: Tomahawk          |       |     5 ||     5
  Use: Scroll            |     5 |       ||     5
 Stab: Sleeping          |    14 |     1 ||    15
  Eat: Chunk             |     3 |     2 ||     5
       Bread ration      |     1 |       ||     1
